 Dungeon Crawl Stone Soup version 0.25-a0-353-ged6d547 (webtiles) character file.

Game seed: 18058297614789529314, levelgen mode: deterministic

881 CanOfBees the Magician (level 7, -2/40 HPs)
             Began as a Deep Elf Summoner on Jan 3, 2020.
             Slain by a sky beast (6 damage)
             ... on level 7 of the Dungeon.
             The game lasted 00:14:38 (12210 turns).

CanOfBees the Magician (Deep Elf Summoner)         Turns: 12210, Time: 00:14:39

Health: -2/40      AC: 11    Str:  5    XL:     7   Next: 75%
Magic:  13/18      EV: 18    Int: 25    God:
Gold:   234        SH:  0    Dex: 26    Spells: 1/18 levels left

rFire    . . .     SeeInvis .   k - +0 mace (protect)
rCold    . . .     Gourm    .   (no shield)
rNeg     . . .     Faith    .   q - +1 robe of Erghuhesmi {Dex+7}
rPois    .         Spirit   .   (no helmet)
rElec    .         Reflect  .   (no cloak)
rCorr    .         Harm     .   (no gloves)
MR       .....                  y - +0 pair of boots
Stlth    +++.......             (no amulet)
HPRegen  0.13/turn              A - +4 ring of dexterity
MPRegen  0.16/turn              x - +3 ring of intelligence

@: protection aura
A: no striking features
a: no special abilities


You were on level 7 of the Dungeon.
You were not hungry.

You visited 1 branch of the dungeon, and saw 7 of its levels.

You collected 408 gold pieces.
You spent 174 gold pieces at shops.

Inventory:

Hand Weapons
 k - a +0 mace of protection (weapon)
 v - a +2 dagger of draining
Missiles
 h - 238 stones
 i - 153 arrows
 m - 22 bolts
 p - 16 sling bullets
 r - 36 poisoned darts (quivered)
 s - 4 boomerangs
 B - 7 datura-tipped darts
Armour
 q - the +1 robe of Erghuhesmi (worn) {Dex+7}
   (You took it off a centaur on level 4 of the Dungeon)

   It affects your dexterity (+7).
 y - a +0 pair of boots (worn)
Jewellery
 b - an uncursed amulet of rage
 g - an uncursed ring of resist corrosion
 x - a +3 ring of intelligence (right hand)
 A - a +4 ring of dexterity (left hand)
Wands
 a - a wand of flame (13)
 C - a wand of acid (14)
Scrolls
 d - 4 scrolls of remove curse
 e - 3 scrolls of identify
 l - a scroll of enchant weapon
 n - 3 scrolls of fear
 t - 6 scrolls of teleportation
 u - 3 scrolls of amnesia
Potions
 f - 2 potions of haste
 j - 2 potions of mutation
 o - a potion of agility
 w - a potion of curing
 z - 2 potions of flight
Comestibles
 c - 5 rations


   Skills:
 + Level 2.9 Fighting
 - Level 6.0 Dodging
 - Level 2.4 Stealth
 - Level 6.0 Spellcasting
 + Level 5.8 Summonings
 * Level 3.4 Air Magic


You had one spell level left.
You knew the following spells:

 Your Spells              Type           Power        Failure   Level  Hunger
a - Summon Small Mammal   Summ           ####         1%          1    None
b - Call Imp              Summ           #####...     1%          2    None
c - Call Canine Familiar  Summ           #####...     1%          3    None
d - Summon Lightning Spi  Summ/Air       ####....     11%         4    ###....
e - Summon Ice Beast      Ice/Summ       ###.....     22%         4    ###....
f - Summon Guardian Gole  Hex/Summ       ###.....     7%          3    None

Your spell library contained the following spells:

 Spells                   Type           Power        Failure   Level  Hunger


Dungeon Overview and Level Annotations

Branches:
Dungeon (7/15)
 Temple: D:4-7

Altars:
Ashenzari
Cheibriados
Gozag
Kikubaaqudgha
Qazlal
Uskayaw
Xom

Shops:
D:5 *

Annotations:
D:5 3 runed translucent doors, Oyemoller's ghost, amateur DsFi
D:6 2 runed translucent doors, Clumpoid's ghost, novice TrWn


Message History

The sky beast hits you but does no damage.
Your crimson imp blinks!
Your hound bites the sky beast but does no damage.
The sky beast misses you.
Your crimson imp blinks!
You hit the sky beast.
The sky beast is moderately wounded.
Your hound barely misses the sky beast.
Your crimson imp blinks!
The sky beast hits you but does no damage.
Your hound bites the sky beast but does no damage.
You completely miss the sky beast.
The sky beast is moderately wounded.
Your hound completely misses the sky beast.
The sky beast hits you. The sky beast shocks you.
* * * LOW HITPOINT WARNING * * *
Your hound barely misses the sky beast.
The sky beast hits you.
* * * LOW HITPOINT WARNING * * *
The sky beast shocks you.
You die...

## . #.##
.ยง.###..##
.........##
....5..@..#
#...#.Yh..#
# #....##
##...#
#####


You could see a sky beast, a friendly hound and a friendly crimson imp.

Vanquished Creatures
  An orc wizard (D:6)
  An ooze (D:1)
  A worm (D:2)
  2 dart slugs
  3 leopard geckos
  6 orcs
  3 giant cockroaches
  4 goblins
  3 hobgoblins
  2 jackals (D:3)
  3 kobolds
  A quokka (D:5)
  2 frilled lizards (D:1)
  A leopard gecko zombie (D:6)
  2 rats
35 creatures vanquished.

Vanquished Creatures (collateral kills)
  Menkaure (D:4)
  A phantom (D:6)
  A sky beast (D:7)
  An orc warrior (D:6)
  2 ogres
  2 centaurs
  Blork the orc (D:5)
  A scorpion (D:5)
  A killer bee (D:7)
  A crimson imp (D:6)
  A centaur zombie (D:6)
  A quasit (D:5)
  4 orc priests
  A jelly (D:6)
  3 orc wizards
  4 worker ants
  A gnoll (D:1)
  8 adders
  2 shadow imps
  2 oozes (D:3)
  2 adder skeletons
  A worm (D:2)
  2 dart slugs
  2 leopard geckos
  8 orcs
  4 bats
  2 giant cockroaches
  9 hobgoblins
  3 jackals (D:3)
  A quokka (D:3)
  2 frilled lizards (D:2)
  8 goblins
  4 kobolds
  A quokka skeleton (D:3)
  4 rats
92 creatures vanquished.

Grand Total: 127 creatures vanquished

Notes
Turn   | Place    | Note
-------+----------+-------------------------------------------
     0 | D:1      | CanOfBees the Deep Elf Summoner began the quest for the
                  | Orb.
     0 | D:1      | Reached XP level 1. HP: 10/10 MP: 6/6
    89 | D:1      | You fall into a shaft and drop 1 floor!
   202 | D:2      | Found an ancient bone altar of Kikubaaqudgha.
   412 | D:2      | Reached XP level 2. HP: 15/15 MP: 6/8
   416 | D:2      | Learned a level 2 spell: Call Imp
  1234 | D:2      | Reached XP level 3. HP: 17/20 MP: 10/10
  1239 | D:2      | Learned a level 3 spell: Call Canine Familiar
  1947 | D:2      | Found a snail-covered altar of Cheibriados.
  1955 | D:2      | Found an opulent altar of Gozag.
  1966 | D:2      | Found a shimmering altar of Xom.
  2014 | D:2      | Found a hide-covered altar of Uskayaw.
  2052 | D:2      | Found a stormy altar of Qazlal.
  2055 | D:2      | Found a shattered altar of Ashenzari.
  2252 | D:1      | Reached skill level 1 in Fighting
  3248 | D:1      | Reached XP level 4. HP: 25/25 MP: 8/12
  3517 | D:1      | Learned a level 4 spell: Summon Lightning Spire
  4362 | D:3      | Found a hide-covered altar of Uskayaw.
  4365 | D:3      | Found a hide-covered altar of Uskayaw.
  4365 | D:3      | Found an iron altar of Okawaru.
  4385 | D:3      | Found a snail-covered altar of Cheibriados.
  4385 | D:3      | Found a shimmering altar of Xom.
  4385 | D:3      | Found a shimmering blue altar of Sif Muna.
  4740 | D:4      | Noticed an ogre
  4743 | D:4      | Noticed a centaur
  5738 | D:4      | Noticed Menkaure
  5765 | D:4      | Killed Menkaure
  5765 | D:4      | Reached XP level 5. HP: 29/29 MP: 4/14
  5860 | D:4      | Reached skill level 1 in Air Magic
  5875 | D:4      | Identified the +1 robe of Erghuhesmi {Dex+7}
  5887 | D:4      | Killed a centaur
  5887 | D:4      | Reached skill level 5 in Spellcasting
  5887 | D:4      | Reached skill level 5 in Summonings
  6197 | D:4      | You fall into a shaft and drop 1 floor!
  6197 | D:5      | Entered Level 5 of the Dungeon
  6381 | D:4      | Reached XP level 6. HP: 35/35 MP: 15/15
  7301 | D:4      | Learned a level 4 spell: Summon Ice Beast
  7365 | D:5      | Noticed Oyemoller's ghost (amateur DsFi)
  7585 | D:5      | Reached skill level 5 in Dodging
  7744 | D:5      | Found a runed translucent gate.
  8139 | D:5      | Noticed Blork the orc
  8170 | D:5      | Killed Blork the orc
  8414 | D:5      | Found Iryaq's General Store.
  8422 | D:5      | Bought 3 scrolls of teleportation for 108 gold pieces
  8422 | D:5      | Bought a scroll of identify for 24 gold pieces
  8422 | D:5      | Bought a scroll of amnesia for 42 gold pieces
  8495 | D:5      | Found a runed translucent gate.
  8496 | D:5      | Found a runed translucent gate.
  8664 | D:5      | Found a runed translucent gate.
  8735 | D:5      | Found Iryaq's General Store.
  8988 | D:5      | Found a runed translucent gate.
  8989 | D:5      | Found a runed translucent gate.
  9270 | D:6      | Found a runed translucent door.
  9274 | D:6      | Noticed Clumpoid's ghost (novice TrWn)
  9300 | D:6      | Reached XP level 7. HP: 40/40 MP: 12/18
 11169 | D:6      | Found a runed translucent door.
 11582 | D:6      | Learned a level 3 spell: Summon Guardian Golem
 12210 | D:7      | Slain by a sky beast

Levels and vault maps discovered:
D:1:      scummos_arrival_star, layout_loops_ring
D:2:      layout_loops_corners, nicolae_overflow_crystal_walls,
          lemuel_round_altar, minmay_overflow_temple_star_quad,
          amethyst_overflow_temple_binary, kennysheep_generic_room_13
D:3:      layout_rooms, first_ration, kennysheep_donut, doesnt_xom_only_xom
D:4:      layout_rooms, uniq_menkaure
D:5:      layout_loops_ring, gammafunk_ghost_split, serial_shops, shop_coins,
          uniq_blork_the_orc
D:6:      layout_basic, ebering_ghost_sewer_f, minivault_19,
          mrwooster_statue_mirror, lightli_minifort
D:7:      layout_cave_pools, minmay_temple_entry_statues_fountains,
          gammafunk_ghost_wrathful_warriors

Skill      XL: |  1  2  3  4  5  6  7 |
---------------+----------------------+-----
Dodging        | 3 4 5 6 |  6.0
Fighting       | 1 2 |  2.9
Spellcasting   | 4 5 6 |  6.0
Air Magic      | 1 2 3 |  3.4
Summonings     | 5 |  5.8
Stealth        | |  2.4

Action                   |  1- 3 |  4- 6 |  7- 9 || total
-------------------------+-------+-------+-------++-------
Melee: Unarmed           |    20 |       |       ||    20
       Mace              |    60 |   110 |    60 ||   230
Throw: Stone             |     2 |     7 |       ||     9
       Dart              |       |       |    15 ||    15
 Cast: Summon Small Mamm |    17 |       |       ||    17
       Call Imp          |    29 |    45 |    11 ||    85
       Call Canine Famil |     1 |    23 |    13 ||    37
       Summon Ice Beast  |       |       |     3 ||     3
       Summon Lightning  |       |       |     3 ||     3
  Use: Potion            |       |     5 |       ||     5
       Scroll            |       |     7 |     1 ||     8
 Stab: Sleeping          |     3 |     4 |       ||     7
       Distracted        |     1 |     2 |       ||     3
  Eat: Chunk             |     8 |    14 |     1 ||    23
       Ration            |       |     2 |     3 ||     5
Armor: Robe              |    27 |    39 |    18 ||    84
Dodge: Dodged            |    85 |   141 |    73 ||   299

Table legend:
 A = Non-vault XP
 B = Vault XP
 C = Vault XP percentage of total XP
 D = Non-vault monster count
 E = Vault monster count
 F = Vault count percentage of total count
                 A         B        C        D         E       F
            +---------+---------+-------+---------+---------+-------
      Total |    1001 |     258 |  20.5 |     119 |       8 |   6.3
            +---------+---------+-------+---------+---------+-------
        D:1 |      40 |       0 |   0.0 |      20 |       0 |   0.0
        D:2 |      55 |       2 |   3.5 |      26 |       1 |   3.7
        D:3 |      81 |       0 |   0.0 |      32 |       0 |   0.0
        D:4 |     257 |      83 |  24.4 |      14 |       1 |   6.7
        D:5 |     160 |      43 |  21.2 |      10 |       1 |   9.1
        D:6 |     287 |     130 |  31.2 |      14 |       5 |  26.3
        D:7 |     121 |       0 |   0.0 |       3 |       0 |   0.0
            +---------+---------+-------+---------+---------+-------
